 Dungeon Crawl Stone Soup version 0.30-a0-748-ge6a52f7cba (webtiles) character file.

Game seed: 13872987237312094543

57987 avis the Spry (level 14, -2/115 HPs)
             Began as a Demigod Hunter on Feb 8, 2023.
             Slain by an ice devil (33 damage)
             ... summoned by an orc sorcerer
             ... on level 1 of the Orcish Mines on Feb 9, 2023.
             The game lasted 01:58:28 (20715 turns).

avis the Spry (Demigod Hunter)                     Turns: 20715, Time: 01:58:29

Health: -2/115     AC: 12    Str: 12    XL:     14   Next: 13%
Magic:  24/24      EV: 34    Int: 13    God:
Gold:   540        SH:  5    Dex: 39    Spells: 18/21 levels left

rFire   . . .      SeeInvis .    b - +8 Maxwell's thermic engine {flame, freeze}
rCold   x . .      Faith    .    (no shield)
rNeg    + . .      Spirit   .    H - +2 steam dragon scales
rPois   .          Reflect  +    c - +2 helmet
rElec   +          Harm     .    x - scarf {repulsion}
rCorr   .          Rampage  .    r - +0 pair of gloves {Stlth+}
Will    +....                    B - +0 pair of boots
Stlth   +++++                    E - amulet of reflection
HPRegen 0.39/turn                y - +4 ring of slaying
MPRegen 0.19/turn                M - ring "Duppur" {rElec rC- rN+ Int+2 Dex+6}

@: spiked, repel missiles
A: high MP 1, forlorn, divine attributes
a: no special abilities


You were on level 1 of the Orcish Mines.
You visited 4 branches of the dungeon, and saw 18 of its levels.
You also visited: Sewer.

You collected 1137 gold pieces.
You spent 597 gold pieces at shops.

Inventory:

Hand Weapons
 a - a +0 arbalest
 b - the +8 Maxwell's thermic engine (weapon) {flame, freeze}
   (You acquired it in the Ecumenical Temple)

   It becomes more effective when it hits something.
   This effect fades over time.
Missiles
 j - a throwing net
Armour
 c - a +2 helmet (worn)
 r - a +0 pair of gloves of stealth (worn)
 x - a scarf of repulsion (worn)
 B - a +0 pair of boots (worn)
 H - +2 steam dragon scales (worn)
Jewellery
 y - a +4 ring of slaying (left hand)
 E - an amulet of reflection (around neck)
 M - the ring "Duppur" (right hand) {rElec rC- rN+ Int+2 Dex+6}
   (You found it on level 7 of the Dungeon)

   [ring of dexterity]

   Int:       It affects your intelligence (+2).
   Dex:       It affects your dexterity (+6).
   rC:        It makes you vulnerable to cold.
   rElec:     It insulates you from electricity.
   rN:        It protects you from negative energy.
Wands
 g - a wand of digging (9)
 k - a wand of charming (7)
 s - a wand of polymorph (11)
 z - a wand of mindburst (5)
 K - a wand of iceblast (12)
 P - a wand of acid (5)
Scrolls
 d - 2 scrolls of fog
 e - 2 scrolls of noise {unknown}
 f - 2 scrolls of brand weapon {unknown}
 h - a scroll of silence {unknown}
 i - a scroll of torment {unknown}
 t - 6 scrolls of teleportation
 u - 3 scrolls of blinking
 v - 3 scrolls of poison {unknown}
 A - 5 scrolls of fear
 G - 3 scrolls of magic mapping
 S - a scroll of summoning
Potions
 l - 5 potions of flight
 m - a potion of cancellation
 o - 3 potions of brilliance
 q - 6 potions of curing
 C - 6 potions of haste
 D - 4 potions of might
 T - a potion of lignification
 U - a potion of resistance


   Skills:
 - Level 8.0 Fighting
 - Level 6.0 Long Blades
 - Level 14.0 Ranged Weapons
 - Level 15.0 Dodging
 - Level 5.0 Stealth
 - Level 4.0 Spellcasting
 * Level 3.9 Translocations
 - Level 3.0 Evocations


You had 18 spell levels left.
You knew the following spells:

 Your Spells              Type           Power      Damage    Failure   Level
a - Teleport Other        Tloc           12%        N/A       12%         3

Your spell library contained the following spells:

 Spells                   Type           Power      Damage    Failure   Level
 Lesser Beckoning         Tloc           24%        N/A       6%          2
 Gell's Gravitas          Tloc           12%        N/A       12%         3
 Foxfire                  Conj/Fire      8%         2x1d4     21%         1
 Kiss of Death            Conj/Necr      8%         2d6       21%         1
 Magic Dart               Conj           8%         1d3       21%         1
 Cigotuvi's Dreadful Rot  Necr/Pois/Air  4%         N/A       30%         2
 Searing Ray              Conj           4%         2d4       30%         2
 Fulminant Prism          Conj/Hex       1%         3d5       90%         4
 Leda's Liquefaction      Hex/Erth       1%         N/A       90%         4
 Petrify                  Tmut/Erth      2%         N/A       90%         4
 Fireball                 Conj/Fire      1%         3d3       99%         5
 Iskenderun's Battlesphe  Conj           2%         2d6       99%         5
 Lee's Rapid Deconstruct  Erth           1%         3d4*      99%         5
 Metabolic Englaciation   Hex/Ice        1%         N/A       99%         5
 Conjure Ball Lightning   Conj/Air       1%         3x3d6     100%        6
 Starburst                Conj/Fire      1%         6d3       100%        6
 Statue Form              Tmut/Erth      1%         N/A       100%        6
 Orb of Destruction       Conj           1%         9d5       100%        7


Dungeon Overview and Level Annotations

Branches:
Dungeon (11/15)            Temple (1/1) D:5            Lair (5/5) D:11
  Swamp (0/4) Lair:3       Spider (0/4) Lair:2        Slime (0/5) Lair:4
    Orc (1/2) D:9           Sewer (visited)

Shops:
D:7 ?*?*[   D:8 =

Annotations:
Lair:4 2 transporters, jr88keys's ghost, journeyman MiFi


Innate Abilities, Weirdness & Mutations

You have an increased reservoir of magic. (+10% MP)
You shall have no god before yourself.
Your divine heritage dramatically boosts your attributes as you level up.


Message History

The orc sorcerer gestures wildly while chanting.
The sixfirhy completely misses you.
The orc sorcerer mumbles some strange words.
The orc priest completely misses you. The orc warrior completely misses you.
The orc warrior misses you.
You hit the orc priest. You burn the orc priest. You freeze the orc priest.
The orc priest is heavily wounded.
The sixfirhy completely misses you. x2
The orc sorcerer points at you and mumbles some strange words.
The bolt of fire hits the orc priest!
The orc priest dies!
The bolt of fire hits you!! The orc warrior completely misses you.
The orc warrior misses you.
You slash the orc warrior! You burn the orc warrior.
You freeze the orc warrior.
You kill the orc warrior!
The orc warrior misses you. The sixfirhy completely misses you.
The orc sorcerer hits you but does no damage.
The orc warrior completely misses you. The ice devil misses you.
The red devil closely misses you. The sixfirhy closely misses you.
Items here: )) [ †.
You closely miss the orc sorcerer. The sixfirhy completely misses you.
The sixfirhy barely misses you. You block the sixfirhy's attack.
The sixfirhy hits you. The sixfirhy shocks you. You resist.
The orc sorcerer completely misses you. The orc warrior closely misses you.
The red devil hits you from afar with a +0 trident!
Barbed spikes become lodged in your body.
The ice devil completely misses you. You block the sixfirhy's attack.
You slash the orc sorcerer! You burn the orc sorcerer.
You freeze the orc sorcerer.
The orc sorcerer is heavily wounded.
The sixfirhy completely misses you. The orc sorcerer completely misses you.
The orc warrior completely misses you.
The red devil hits you from afar with a +0 trident.
Barbed spikes become lodged in your body.
The ice devil hits you!
* * * LOW HITPOINT WARNING * * *
The ice devil freezes you!!
You feel a terrible chill!
You die...

## #. ##. #.##
##..##
###<3o.#.#
#.))@o4.#
#....4.......
#.....$.......
#.....##.....#
#....## ##...#
##... ..##
.... ... ####.
..


You could see an ice devil (summoned), a sixfirhy (summoned), an orc sorcerer, a
red devil (summoned) and an orc warrior.

Vanquished Creatures
  A dire elephant (Lair:5)
  Snorg (Lair:4)
  4 hydras
  2 catoblepae (Lair:5)
  2 boulder beetles
  7 death yaks (Lair:5)
  A deep troll shaman (Lair:5)
  Urug (D:11)
  4 bog bodies (Lair:3)
  2 oklob plants (Lair:3)
  A cyclops (D:11)
  2 manticores (D:11)
  Joseph (D:10)
  10 elephants
  15 centaur zombies (D:11)
  7 black mambas
  3 torpor snails
  6 cane toads
  8 komodo dragons
  A rime drake (Lair:4)
  3 polar bears
  4 trolls (D:10)
  4 hornets
  7 blink frogs
  Prince Ribbit (D:7)
  19 dream sheep
  A meliai zombie (D:11)
  5 shadows (D:10)
  Sigmund (D:2)
  37 yaks
  A steam dragon (D:8)
  6 wraiths
  3 wyverns
  6 vampires
  9 basilisks
  4 vampire mosquitoes (D:10)
  17 water moccasins
  4 orc warriors
  A sky beast (D:7)
  6 black bears
  An ice beast (D:5)
  5 ogres
  27 wolves
  2 centaurs
  2 phantoms
  A kobold brigand (D:9)
  11 bullfrogs
  A gnoll sergeant (D:7)
  6 scorpions
  15 wights
  22 killer bees
  An electric eel (Lair:3)
  A howler monkey (D:6)
  3 hounds
  A jelly (D:6)
  6 orc priests
  A gnoll bouda (D:8)
  Terence (D:1)
  3 iguanas
  8 orc wizards
  2 boggart zombies (D:11)
  A howler monkey zombie (D:11)
  16 gnolls
  9 adders
  2 shadow imps
  2 ufetubi
  4 worms
  4 dart slugs
  30 orcs
  5 endoplasms
  18 giant cockroaches
  A goblin (D:3)
  10 hobgoblins
  7 jackals (D:1)
  9 quokkas
  16 ball pythons
  9 bats
  15 frilled lizards
  9 kobolds
  5 rats
510 creatures vanquished.

Vanquished Creatures (others)
  An orc priest (Orc:1)
  17 fungi
  40 plants
  2 withered plants (D:11)
60 creatures vanquished.

Grand Total: 570 creatures vanquished

Notes
Turn   | Place    | Note
-------+----------+-------------------------------------------
     0 | D:1      | avis the Demigod Hunter began the quest for the Orb.
     0 | D:1      | Reached XP level 1. HP: 17/17 MP: 3/3
   136 | D:1      | Reached XP level 2. HP: 24/24 MP: 4/4
   138 | D:1      | Reached skill level 2 in Dodging
   142 | D:1      | Reached skill level 1 in Stealth
   459 | D:1      | Reached XP level 3. HP: 23/30 MP: 5/5
   904 | D:2      | Identified the +8 short sword of Ryotid {flame, rN+}
   911 | D:2      | Noticed Sigmund
   944 | D:2      | Killed Sigmund
   945 | D:2      | Reached skill level 5 in Ranged Weapons
   945 | D:2      | Reached XP level 4. HP: 38/38 MP: 6/6
   945 | D:2      | Reached XP level 5. HP: 45/45 MP: 7/7
  1034 | D:2      | Noticed Terence
  1057 | D:1      | Killed Terence
  1743 | D:3      | Noticed an ogre
  1752 | D:3      | Killed an ogre
  1753 | D:3      | Reached skill level 3 in Dodging
  1753 | D:3      | Reached XP level 6. HP: 51/51 MP: 8/8
  3257 | D:5      | Entered Level 5 of the Dungeon
  3266 | D:5      | Reached skill level 4 in Dodging
  3348 | D:5      | Found a glowing drain.
  3358 | Sewer    | Entered a sewer
  3503 | Sewer    | Reached XP level 7. HP: 57/57 MP: 9/9
  3505 | Sewer    | Reached skill level 5 in Dodging
  3775 | D:5      | Reached skill level 6 in Dodging
  3876 | D:5      | Found a staircase to the Ecumenical Temple.
  4186 | Temple   | Entered the Ecumenical Temple
  4335 | D:5      | Reached XP level 8. HP: 62/66 MP: 10/10
  5205 | D:7      | Found Huwoces's General Store.
  5216 | D:7      | Bought a scroll of magic mapping for 97 gold pieces
  5216 | D:7      | Bought a scroll of identify for 26 gold pieces
  5216 | D:7      | Bought a scroll of identify for 26 gold pieces
  5386 | D:7      | Reached skill level 7 in Dodging
  5415 | D:7      | Found Jiguc's Magic Scroll Emporium.
  5443 | D:7      | Bought a scroll of enchant armour for 90 gold pieces
  5443 | D:7      | Bought a scroll of fear for 48 gold pieces
  5443 | D:7      | Bought a scroll of identify for 24 gold pieces
  5443 | D:7      | Bought a scroll of identify for 24 gold pieces
  5514 | D:7      | Identified the ring "Duppur" {rElec rC- rN+ Int+2 Dex+6}
  5516 | D:7      | Noticed Prince Ribbit
  5541 | D:7      | Killed Prince Ribbit
  5542 | D:7      | Reached skill level 8 in Dodging
  5542 | D:7      | Reached XP level 9. HP: 52/71 MP: 11/11
  5676 | D:7      | Found Amnom's Antique Armour Boutique.
  5757 | D:7      | Found Qaguem's General Store.
  5764 | D:7      | Bought a potion of curing for 36 gold pieces
  5828 | D:7      | Reached skill level 5 in Fighting
  6204 | D:7      | Found Ydinn's Magic Scroll Boutique.
  6212 | D:7      | Bought a scroll of identify for 24 gold pieces
  6355 | Temple   | Learned a level 3 spell: Teleport Other
  6588 | D:8      | Found Zojiraof's Jewellery Shop.
  7122 | D:8      | Reached skill level 10 in Ranged Weapons
  7973 | D:7      | Bought a pair of embroidered gloves for 202 gold pieces
  8497 | D:9      | Found a staircase to the Orcish Mines.
  8505 | D:9      | Reached XP level 10. HP: 81/81 MP: 13/13
  8607 | D:9      | Reached skill level 9 in Dodging
  9271 | D:10     | Entered Level 10 of the Dungeon
  9297 | Orc:1    | Entered Level 1 of the Orcish Mines
  9509 | D:10     | Noticed Joseph
  9517 | D:10     | Killed Joseph
  9518 | D:10     | Reached skill level 10 in Dodging
  9571 | D:10     | Reached skill level 1 in Spellcasting
  9571 | D:10     | Reached skill level 1 in Translocations
  9637 | D:10     | Reached skill level 1 in Evocations
 10092 | Temple   | Identified a scroll of acquirement
 10094 | Temple   | Acquired the +2 Maxwell's thermic engine {flame, freeze}
 10094 | Temple   | Found the +2 Maxwell's thermic engine {flame, freeze}
 10187 | D:11     | Noticed Urug
 10193 | D:11     | Killed Urug
 10555 | D:11     | Noticed a boulder beetle
 10959 | D:10     | Reached XP level 11. HP: 71/89 MP: 15/15
 10961 | D:10     | Killed a boulder beetle
 12245 | D:11     | Reached skill level 11 in Dodging
 12763 | D:10     | Reached skill level 12 in Dodging
 12818 | D:11     | Reached skill level 5 in Stealth
 13078 | D:11     | Reached XP level 12. HP: 100/100 MP: 18/18
 13221 | D:11     | Found a staircase to the Lair.
 13807 | Lair:1   | Entered Level 1 of the Lair of Beasts
 13820 | Lair:1   | Got the Tractate on Leaden Stolen Souls
 13836 | Lair:1   | Noticed a boulder beetle
 13844 | Lair:1   | Killed a boulder beetle
 14933 | Lair:2   | Found a hole to the Spider Nest.
 16092 | Lair:3   | Reached skill level 13 in Dodging
 16207 | Lair:3   | Noticed a seven-headed hydra
 16213 | Lair:3   | Killed a six-headed hydra
 16592 | Lair:3   | Reached XP level 13. HP: 105/105 MP: 19/19
 16961 | Lair:3   | Reached skill level 14 in Dodging
 17341 | Lair:3   | Found a staircase to the Swamp.
 17557 | Lair:4   | Found a transporter.
 17557 | Lair:4   | Found a transporter.
 17558 | Lair:4   | Noticed jr88keys's ghost (journeyman MiFi)
 17610 | Lair:4   | Noticed Snorg
 17619 | Lair:4   | Killed Snorg
 18018 | Lair:4   | Reached skill level 1 in Long Blades
 18417 | Lair:4   | Found a staircase to the Slime Pits.
 18716 | Lair:5   | Entered Level 5 of the Lair of Beasts
 18787 | Lair:4   | Reached skill level 5 in Long Blades
 19177 | Lair:5   | HP: 3/107 [death yak (19)]
 19470 | Lair:5   | Noticed a dire elephant
 19515 | Lair:5   | Killed a dire elephant
 19713 | Lair:5   | Reached XP level 14. HP: 74/115 MP: 22/22
 19726 | Lair:5   | Reached skill level 15 in Dodging
 20715 | Orc:1    | Slain by an ice devil

Illustrated notes

Levels and vault maps discovered:
D:1:      minmay_arrival_three_doors, layout_rooms, minmay_heptomino_h4
D:2:      layout_rooms, dreamdust_ecumenical_altar_hidden_monk_grotto,
          basic_altar, uniq_terence, uniq_sigmund
D:3:      layout_basic, overflow_temple_1_default,
          nicolae_overflow_ecumenical_swirl, grunt_ministairs_1,
          minmay_misc_feat_x, minmay_misc_feat_plants, grunt_decor_arrowhead
D:4:      layout_loops_cross, nicolae_overflow_two_pavilions
D:5:      layout_basic, minmay_temple_entry_statues_fountains,
          portal_sewer_entry_d
D:6:      layout_cave_pods
D:7:      layout_gridville, serial_shops, nicolae_take_the_stairs,
          nicolae_stop_n_shop_1, nicolae_shop_temple_entry_statues_fountains,
          shop, nicolae_diamond_shop, minmay_misc_feat_nine_boxes,
          uniq_prince_ribbit1
D:8:      layout_loops_corners, serial_shops, nicolae_diamond_shop,
          nrook_mini_backslash
D:9:      layout_layer_cave, gammafunk_temple_overflow_statue,
          gammafunk_temple_overflow_elements, orc_0_dummy
D:10:     layout_small_grid, uniq_joseph
D:11:     layout_basic, minmay_lair_entry_grove, serial_undead, serial_undead_e,
          serial_undead_a, serial_undead_a, serial_undead_f, serial_undead_c,
          serial_undead_a, serial_undead_d, serial_undead_d, serial_undead_e,
          serial_undead_b, nemelex_diamond_rough_becter, uniq_urug
Temple:   jpeg_temple_clearing
Lair:1:   layout_misc_corridors
Lair:2:   layout_hall_layers, nicolae_spider_entry_non_spiders
Lair:3:   layout_regular_city, nicolae_swamp_entry_splash_gauntlet,
          hangedman_tree_tricks
Lair:4:   cheibrodos_lair_overgrown_chateau, layout_regular_city,
          dpeg_slime_entry_enclosed, gammafunk_ghost_hive,
          nicolae_quartered_pool_impasse, uniq_snorg
Lair:5:   grunt_lair_end_beastmaster, layout_gridlike
Orc:1:    hellmonk_paralyzer, layout_diamond_mine

Skill      XL: |  1  2  3  4  5  6  7  8  9 10 11 12 13 14 |
---------------+-------------------------------------------+-----
Fighting       | 2 3 4 5 6 7 8 |  8.0
Ranged Weapons | 4 5 6 8 10 11 12 14 | 14.0
Dodging        | 2 3 4 6 8 10 12 13 14 15 | 15.0
Stealth        | 1 2 3 4 5 |  5.0
Spellcasting   | 1 2 3 4 |  4.0
Translocations | 1 2 3 |  3.9
Evocations     | 1 2 3 |  3.0
Long Blades    | 6 |  6.0

Action                     |  1- 3 |  4- 6 |  7- 9 | 10-12 | 13-15 || total
---------------------------+-------+-------+-------+-------+-------++-------
  Melee: Short sword       |       |    66 |    60 |    37 |       ||   163
         Punch             |       |     3 |     1 |     2 |     3 ||     9
         Double sword      |       |       |       |    91 |   151 ||   242
   Fire: Shortbow          |   123 |   148 |    12 |       |       ||   283
         Arbalest          |       |       |   245 |   439 |   172 ||   856
    Use: Scroll            |       |       |    12 |     9 |     3 ||    24
         Potion            |       |       |       |     2 |     5 ||     7
   Stab: Petrified         |       |       |       |       |     4 ||     4
         Petrifying        |       |       |       |       |     2 ||     2
         Sleeping          |       |       |       |       |     1 ||     1
 Armour: Leather armour    |    41 |    23 |    35 |       |       ||    99
         Steam dragon scal |       |       |    16 |   289 |    36 ||   341
  Dodge: Dodged            |    57 |    70 |   233 |  1487 |   312 ||  2159
         Repelled          |       |       |     1 |     2 |     1 ||     4
  Block: Other             |       |       |       |       |    14 ||    14

Table legend: (Time is in decaauts)
 A = Elapsed time spent in this place.
 B = Non-inter-level travel time spent in this place.
 C = Inter-level travel time spent in this place.
 D = Time resting spent in this place.
 E = Time spent auto-exploring this place.
 F = Levels seen in this place.
 G = Mean time per level.
                   A        B        C        D        E       F      G
               +--------+--------+--------+--------+--------+-----+--------+
         Total |  21270 |  18583 |   2687 |   5106 |   8410 |  19 | 1119.5 |
       Dungeon |  14015 |  11971 |   2044 |   3650 |   5329 |  11 | 1274.1 |
        Temple |     96 |     87 |      9 |      0 |      0 |   1 |   96.0 |
          Lair |   6749 |   6117 |    632 |   1456 |   3081 |   5 | 1349.8 |
  Orcish Mines |     20 |     19 |      1 |      0 |      0 |   1 |   20.0 |
         Sewer |    387 |    387 |      0 |      0 |      0 |   1 |  387.0 |
               +--------+--------+--------+--------+--------+-----+--------+

Top non-repeatable levels by time:
    D:10: 3077 daAuts
     D:9: 1768 daAuts
  Lair:5: 1611 daAuts
  Lair:3: 1477 daAuts
  Lair:2: 1451 daAuts
     D:7: 1329 daAuts
  Lair:4: 1315 daAuts
     D:8: 1255 daAuts
    D:11: 1250 daAuts
     D:6: 1080 daAuts
     D:1: 946 daAuts
     D:4: 910 daAuts
  Lair:1: 894 daAuts
     D:5: 893 daAuts
     D:2: 800 daAuts
